 Dungeon Crawl Stone Soup version 0.22-a0-284-g99d1f74 (webtiles) character file.

57 galech the Skirmisher (level 4, 0/37 HPs)
             Began as a Human Monk on Mar 20, 2018.
             Slain by an adder (3 damage)
             ... on level 2 of the Dungeon.
             The game lasted 00:03:19 (1751 turns).

galech the Skirmisher (Human Monk)                  Turns: 1751, Time: 00:03:21

Health: 0/37       AC:  3    Str: 11 (12) XL:     4   Next: 18%
Magic:  4/4        EV: 13    Int:  9 (10) God:
Gold:   132        SH:  0    Dex: 14 (16) Spells: 3/3 levels left

rFire    . . .     SeeInvis .   a - +0 hand axe
rCold    . . .     Gourm    .   (no shield)
rNeg     . . .     Faith    .   b - +0 robe
rPois    .         Spirit   .   k - +0 helmet
rElec    .         Reflect  .   (no cloak)
rCorr    .         Harm     .   (no gloves)
MR       .....                  (no boots)
Stlth    ++........             (no amulet)
HPRegen  0.12/turn              (no ring)
MPRegen  0.09/turn              (no ring)

@: lethally poisoned (0 -> -22)
A: no striking features
a: no special abilities


You were on level 2 of the Dungeon.
You were hungry.

You visited 1 branch of the dungeon, and saw 2 of its levels.

You collected 132 gold pieces.

Inventory:

Hand Weapons
 a - a +0 hand axe (weapon)
Armour
 b - a +0 robe (worn)
 k - a +0 helmet (worn)
Scrolls
 d - 2 scrolls of teleportation {unknown}
 e - 2 scrolls of identify {unknown}
 g - a scroll of blinking {unknown}
 m - 2 scrolls of fog {unknown}
Potions
 i - a potion of resistance {unknown}
 j - a potion of flight {unknown}
 l - a potion of haste {unknown}
 n - a potion of brilliance {unknown}
 o - a potion of curing {unknown}
Comestibles
 c - 5 rations


   Skills:
 + Level 3.7 Fighting
 + Level 3.6 Axes
 + Level 3.5 Dodging
 - Level 2.0 Stealth


You had 3 spell levels left.
You didn't know any spells.

Dungeon Overview and Level Annotations

Branches:
Dungeon (2/15)

Altars:
Yredelemnul


Message History

You feel weakened.
You feel dopey.
You feel clumsy.
You feel sick. The adder barely misses you.
You hit the adder.
The adder is almost dead.
You feel sick. The adder bites you.
* * * LOW HITPOINT WARNING * * *
You are more poisoned.
The adder poisons you!
You closely miss the adder.
The adder is almost dead.
* * * LOW HITPOINT WARNING * * *
You feel sick. The adder closely misses you. The adder bites you.
* * * LOW HITPOINT WARNING * * *
You are more poisoned.
The adder poisons you!
You hit the adder but do no damage.
The adder is almost dead.
* * * LOW HITPOINT WARNING * * *
You feel sick. The adder bites you.
You die...

##.## #....
#......###.^^### #
#..# #....
#......##^^^^.##
###.##
#....##..##..###...###
##..#####
#....#...##.###^^_.^##
........## #..>....##
.# #######
.........###....#.##
###
..........##......#
#.#
....).....##.....##
#.. .)........######@#
### ..........# #S# #
.)........# #l# #
...(<....## ... #
..#.....## ...
######### ..... .....
.......


You could see an adder and a frilled lizard.

Vanquished Creatures
  Robin (D:1)
  An ooze (D:1)
  A dart slug (D:2)
  A leopard gecko (D:2)
  12 goblins
  5 hobgoblins
  A quokka (D:2)
  A ball python (D:1)
  4 bats
  A frilled lizard (D:2)
  6 kobolds (D:1)
  2 rats (D:1)
  A spectral orc (D:2)
37 creatures vanquished.

Notes
Turn   | Place    | Note
-------+----------+-------------------------------------------
     0 | D:1      | galech the Human Monk began the quest for the Orb.
     0 | D:1      | Reached XP level 1. HP: 18/18 MP: 1/1
   339 | D:1      | Reached XP level 2. HP: 24/24 MP: 2/2
   808 | D:2      | Reached XP level 3. HP: 24/29 MP: 3/3
   817 | D:2      | Noticed Robin
   899 | D:1      | Killed Robin
  1369 | D:2      | Reached XP level 4. HP: 37/37 MP: 4/4
  1571 | D:2      | Found a basalt altar of Yredelemnul.
  1751 | D:2      | Slain by an adder

Vault maps used:
D:1:      scummos_arrival_simple_fountains, minivault_27
D:2:      yredelemnul_forgotten_temple_becter, uniq_robin

Action                   |  1- 3 |  4- 6 || total
-------------------------+-------+-------++-------
Melee: Hand axe          |    77 |    36 ||   113
  Use: Potion            |       |     1 ||     1
 Stab: Sleeping          |     9 |     2 ||    11
  Eat: Chunk             |     1 |     1 ||     2
Armor: Robe              |     8 |     7 ||    15
Dodge: Dodged            |    53 |    21 ||    74

Table legend:
 A = Spawn XP
 B = Non-spawn XP
 C = Spawn XP percentage of total XP
 D = Spawn monster count
 E = Non-spawn monster count
 F = Spawn count percentage of total count
 G = Total turns spent on level
                    A         B        C        D         E        F      G
               +---------+---------+-------+---------+---------+-------+---------
         Total |       0 |      82 |   0.0 |       0 |      37 |   0.0 |  1751
               +---------+---------+-------+---------+---------+-------+---------
           D:1 |       0 |      50 |   0.0 |       0 |      21 |   0.0 |  1077
           D:2 |       0 |      32 |   0.0 |       0 |      16 |   0.0 |   674
               +---------+---------+-------+---------+---------+-------+---------
